 Dungeon Sprint DCSS version 0.21-a0-85-ga0cb861 (webtiles) character file.

434 Fnark the Carver (level 7, -3/64 HPs)
             Began as a Barachi Berserker on June 25, 2017.
             Was an Elder of Trog.
             Slain by an orc warrior
             ... wielding a +0 trident
              (13 damage)
             ... in the Dungeon (Sprint IX: "|||||||||||||||||||||||||||||").
             The game lasted 00:00:41 (429 turns).

Fnark the Carver (Barachi Berserker)                 Turns: 429, Time: 00:00:42

Health: -3/64      AC: 14    Str: 18    XL:     7   Next: 0%
Magic:  7/7        EV: 11    Int:  7    God:    Trog [****..]
Gold:   0          SH:  0    Dex: 14    Spells: 6/6 levels left

rFire    . . .     SeeInvis .   m - +2 scimitar (holy)
rCold    . . .     Gourm    .   (no shield)
rNeg     . . .     Faith    .   o - +1 chain mail
rPois    .         Spirit   .   n - +0 helmet
rElec    .         Reflect  .   (no cloak)
rCorr    .         Harm     .   (no gloves)
MR       .....     NoTele   +   (no boots)
Stlth    ..........             (no amulet)
HPRegen  0.20/turn              p - +2 ring of evasion
MPRegen  0.10/turn              q - +2 ring of protection

@: berserk cooldown, slowed, very slow
A: +LOS, swims, slowness 1, strong legs 1
a: Hop, Berserk, Trog's Hand, Brothers in Arms, Burn Spellbooks, Renounce
Religion


You were in the Dungeon.
You worshipped Trog.
Trog was greatly pleased with you.
You were hungry.

You visited 1 branch

Inventory:

Hand Weapons
 m - a +2 scimitar of holy wrath (weapon)
Armour
 n - a +0 helmet (worn)
 o - a +1 chain mail (worn)
Jewellery
 p - a +2 ring of evasion (left hand)
 q - a +2 ring of protection (right hand)
Wands
 l - a wand of iceblast (7/15)
Scrolls
 i - 2 scrolls of blinking
 k - 3 scrolls of remove curse
Potions
 d - 5 potions of curing
 e - 3 potions of heal wounds
 f - a potion of haste
 g - 4 potions of magic
 h - a potion of berserk rage
 j - a potion of invisibility
Comestibles
 c - a bread ration


   Skills:
 + Level 9.0 Fighting
 + Level 13.5 Long Blades
 + Level 5.2 Armour
 + Level 4.6 Dodging


You had 6 spell levels left.
You didn't know any spells.

Dungeon Overview and Level Annotations

Branches:
Dungeon (1/1)

Altars:
Cheibriados
Dithmenos
Elyvilon
Fedhas
Gozag
Hepliaklqana
Kikubaaqudgha
Makhleb
Nemelex Xobeh
Okawaru
Qazlal
Ru
Sif Muna
Trog
Uskayaw
Vehumet
Wu Jian
Xom
Yredelemnul
Zin
The Shining One
Beogh
Jiyva
Lugonu


Innate Abilities, Weirdness & Mutations

Shadows flee at your approach. (+LOS)
You can swim through water.
You cover ground slowly.
You can hop short distances.


Message History

You slash the orc warrior!
The orc warrior is heavily wounded.
You are feeling hungry.
The orc warrior barely misses you.
You riposte.
Your chain mail prevents you from hitting the orc warrior.
The orc warrior is heavily wounded.
You barely miss the orc warrior.
The orc warrior is heavily wounded.
The orc warrior hits you with a trident!
You slash the orc warrior!
The orc warrior is severely wounded.
The orc warrior hits you with a trident!
You hit the orc warrior.
The orc warrior is almost dead.
The orc warrior hits you with a trident!
* * * LOW HITPOINT WARNING * * *
You hit the orc warrior but do no damage.
The orc warrior is almost dead.
The orc warrior hits you with a trident!
You die...

▓|▓
▓)▓
▓.▓
▓[▓
▓.▓
▓.▓
▓[▓
▓[▓
▓@▓
▓o▓
▓5▓
▓.▓
▓.▓
▓.▓
▓+▓


You could see an orc warrior and a crimson imp.

Vanquished Creatures
  A troll (D)
  An orc warrior (D)
  A howler monkey (D)
  An iguana (D)
  An orc wizard (D)
  An adder (D)
  A shadow imp (D)
  2 orcs (D)
  2 hobgoblins (D)
  2 bats (D)
  A rat (D)
14 creatures vanquished.

Notes
Turn   | Place    | Note
-------+----------+-------------------------------------------
     0 | D        | Fnark the Barachi Berserker began the quest for the Orb.
     0 | D        | Reached XP level 1. HP: 18/18 MP: 1/1
     3 | D        | Reached skill level 4 in Long Blades
     6 | D        | Reached ** piety under Trog
    10 | D        | Reached skill level 5 in Long Blades
    70 | D        | Noticed a howler monkey
    70 | D        | Noticed an orc wizard
    74 | D        | Killed a howler monkey
    74 | D        | Reached skill level 8 in Long Blades
    74 | D        | Reached XP level 2. HP: 24/24 MP: 2/2
    74 | D        | Reached XP level 3. HP: 29/29 MP: 3/3
    76 | D        | Reached *** piety under Trog
    76 | D        | Reached skill level 9 in Long Blades
    82 | D        | Reached skill level 10 in Long Blades
    82 | D        | Reached XP level 4. HP: 36/36 MP: 4/4
    83 | D        | Reached **** piety under Trog
   339 | D        | Found a roughly hewn altar of Beogh.
   339 | D        | Found a snail-covered altar of Cheibriados.
   339 | D        | Found a shadowy altar of Dithmenos.
   339 | D        | Found a white marble altar of Elyvilon.
   339 | D        | Found a blossoming altar of Fedhas.
   339 | D        | Found an opulent altar of Gozag.
   339 | D        | Found a hazy altar of Hepliaklqana.
   340 | D        | Found a viscous altar of Jiyva.
   341 | D        | Found an ancient bone altar of Kikubaaqudgha.
   342 | D        | Found a corrupted altar of Lugonu.
   343 | D        | Found a burning altar of Makhleb.
   344 | D        | Found a sparkling altar of Nemelex Xobeh.
   345 | D        | Found an iron altar of Okawaru.
   346 | D        | Found a stormy altar of Qazlal.
   347 | D        | Found a sacrificial altar of Ru.
   348 | D        | Found a deep blue altar of Sif Muna.
   349 | D        | Found a bloodstained altar of Trog.
   350 | D        | Found a hide-covered altar of Uskayaw.
   351 | D        | Found a radiant altar of Vehumet.
   352 | D        | Found an ornate altar of the Wu Jian Council.
   353 | D        | Found a shimmering altar of Xom.
   354 | D        | Found a basalt altar of Yredelemnul.
   355 | D        | Found a glowing silver altar of Zin.
   356 | D        | Found a glowing golden altar of the Shining One.
   404 | D        | Noticed a troll
   404 | D        | Noticed an orc warrior
   404 | D        | Noticed an orc warrior
   412 | D        | Reached skill level 11 in Long Blades
   412 | D        | Reached XP level 5. HP: 43/43 MP: 5/5
   417 | D        | Killed a troll
   417 | D        | Reached skill level 13 in Long Blades
   417 | D        | Reached XP level 6. HP: 56/56 MP: 6/6
   421 | D        | Killed an orc warrior
   421 | D        | Reached skill level 5 in Armour
   421 | D        | Reached XP level 7. HP: 64/64 MP: 7/7
   429 | D        | Slain by an orc warrior

Vault maps used:
D:        linesprint

Skill      XL: |  1  2  3  4  5  6 |
---------------+-------------------+-----
Long Blades    | 8 10 11 13 | 13.5
Fighting       | 4 8 9 |  9.0
Armour         | 4 5 |  5.2
Dodging        | 4 |  4.6

Action                   |  1- 3 |  4- 6 |  7- 9 || total
-------------------------+-------+-------+-------++-------
Melee: Falchion          |    16 |       |       ||    16
       Scimitar          |       |    15 |     7 ||    22
Invok: Berserk           |     1 |     1 |       ||     2
Armor: Animal skin       |     3 |       |       ||     3
       Chain mail        |       |     3 |     2 ||     5
Dodge: Dodged            |     8 |     7 |     1 ||    16
       Rpst.: Falchion   |     5 |     1 |       ||     6
       Scimitar          |       |     1 |     1 ||     2
